 Dungeon Crawl Stone Soup version 0.27.0-1-g7a089689b8 (webtiles) character file.

Game seed: 3881185056655946978

121 Leibowitz the Skirmisher (level 4, 0/38 HPs)
             Began as a Demigod Fighter on Aug 10, 2021.
             Slain by Grinder (2 damage)
             ... while paralysed by Grinder
             ... on level 3 of the Dungeon.
             The game lasted 00:05:03 (2762 turns).

Leibowitz the Skirmisher (Demigod Fighter)          Turns: 2762, Time: 00:05:04

Health: 0/38       AC:  4    Str: 17    XL:     4   Next: 48%
Magic:  6/6        EV:  2    Int: 10    God:
Gold:   52         SH:  0    Dex: 17    Spells: 3/3 levels left

rFire    + . .     SeeInvis .   a - +0 rapier
rCold    + . .     Faith    .   c - +0 kite shield
rNeg     . . .     Spirit   .   j - +0 leather armour
rPois    +         Reflect  .   b - +0 helmet
rElec    +         Harm     .   (no cloak)
rCorr    +         Rampage  .   (no gloves)
Will     .....                  (no boots)
Stlth    ++........             (no amulet)
HPRegen  0.12/turn              i - +4 ring of evasion
MPRegen  0.10/turn              (no ring)

@: paralysed, resistant
A: high mp 1, forlorn
a: no special abilities


You were on level 3 of the Dungeon.
You visited 1 branch of the dungeon, and saw 3 of its levels.

You collected 52 gold pieces.

Inventory:

Hand Weapons
 a - a +0 rapier (weapon)
Armour
 b - a +0 helmet (worn)
 c - a +0 kite shield (worn)
 j - a +0 leather armour (worn)
Jewellery
 i - a +4 ring of evasion (left hand)
 m - a +6 ring of intelligence
Wands
 o - a wand of flame (15)
Scrolls
 d - a scroll of immolation {unknown}
 g - 2 scrolls of identify {unknown}
 h - a scroll of magic mapping {unknown}
 k - a scroll of amnesia {unknown}
 l - 2 scrolls of noise {unknown}


   Skills:
 * Level 3.5 Fighting
 + Level 2.6 Short Blades
 + Level 3.2 Armour
 + Level 0.1 Dodging
 * Level 1.2 Stealth
 + Level 3.1 Shields


You had 3 spell levels left.
You didn't know any spells.
Your spell library contained the following spells:

 Spells                   Type           Power      Damage    Failure   Level
 Corona                   Hex            0%         N/A       91%         1
 Ensorcelled Hibernation  Hex/Ice        0%         N/A       97%         2
 Sublimation of Blood     Necr           0%         N/A       97%         2
 Wereblood                Tmut           0%         N/A       97%         2
 Tukima's Dance           Hex            0%         N/A       99%         3
 Summon Hydra             Summ           0%         N/A       100%        7


Dungeon Overview and Level Annotations

Branches:
Dungeon (3/15)

Annotations:
D:3 Grinder


Innate Abilities, Weirdness & Mutations

Your attributes grow dramatically as you level up.
You have an increased reservoir of magic. (+10% MP)
You shall have no god before yourself.


Message History

Grinder hits you! You block Grinder's attack.
Aiming: Throw Flame
Press: ? - help, Shift-Dir - straight line, f - Grinder
Aim: Grinder (lightly wounded, 64% to hit)
The puff of flame hits Grinder.
Grinder is moderately wounded.
Grinder hits you.
You writhe in agony.
* * * LOW HITPOINT WARNING * * *
Grinder is nearby!
Aiming: Throw Flame
Press: ? - help, Shift-Dir - straight line, f/p - Grinder
Aim: Grinder (moderately wounded, 64% to hit)
The puff of flame hits Grinder but does no damage.
Grinder is moderately wounded.
Grinder hits you.
* * * LOW HITPOINT WARNING * * *
You writhe in agony.
* * * LOW HITPOINT WARNING * * *
You hit Grinder but do no damage.
Grinder is moderately wounded.
You block Grinder's attack.
You hit Grinder.
Grinder is moderately wounded.
Grinder closely misses you.
You hit Grinder but do no damage.
Grinder is moderately wounded.
Grinder closely misses you. Grinder misses you.
You hit Grinder.
Grinder is heavily wounded.
Grinder gestures at you.
You barely resist. You hit Grinder.
Grinder is heavily wounded.
Grinder blinks!
Grinder says, "Are you a fish?"
You hit Grinder but do no damage.
Grinder is heavily wounded.
Grinder gestures at you.
You suddenly lose the ability to move!
Grinder hits you.
You die...

###### .
####....############ ..
.......5...........+
...
###.##@#<.......#+#....
#.#####...........
#..(..............
##.######..........
#...............###
##.######.......#
#.........##+#### .
#..#####........#
....###....##.......#.#


You could see Grinder.

Vanquished Creatures
  Jessica (D:1)
  Terence (D:1)
  2 adders (D:2)
  4 dart slugs
  A bat (D:2)
  4 endoplasms
  2 giant cockroaches (D:3)
  5 goblins
  A hobgoblin (D:2)
  7 kobolds
  2 quokkas (D:2)
  6 ball pythons (D:1)
  4 frilled lizards
  5 rats
  A spectral kobold (D:1)
46 creatures vanquished.

Notes
Turn   | Place    | Note
-------+----------+-------------------------------------------
     0 | D:1      | Leibowitz the Demigod Fighter began the quest for the Orb.
     0 | D:1      | Reached XP level 1. HP: 18/18 MP: 3/3
   247 | D:1      | Reached XP level 2. HP: 26/26 MP: 4/4
  1329 | D:2      | Noticed Terence
  1329 | D:2      | Noticed Jessica
  1350 | D:1      | HP: 1/26 [Terence (7)]
  1353 | D:1      | Killed Terence
  1354 | D:1      | Reached XP level 3. HP: 2/31 MP: 5/5
  1667 | D:1      | Killed Jessica
  1668 | D:1      | Reached skill level 1 in Stealth
  1668 | D:1      | Reached XP level 4. HP: 12/38 MP: 6/6
  2712 | D:3      | Noticed Grinder
  2741 | D:3      | Paralysed by Grinder for 4 turns
  2747 | D:3      | Paralysed by Grinder for 2 turns
  2755 | D:3      | HP: 1/38 [Grinder (3)]
  2762 | D:3      | Paralysed by Grinder for 7 turns
  2762 | D:3      | Slain by Grinder

Illustrated notes

Levels and vault maps discovered:
D:1:      lightli_arrival_boilingwater, layout_loops_corners,
          dreamdust_ecumenical_altar_drowned_temple
D:2:      layout_basic, basic_altar, uniq_terence, uniq_jessica
D:3:      layout_basic, grunt_decor_arrowhead, uniq_grinder

Skill      XL: |  1  2  3 |
---------------+----------+-----
Fighting       | 3 |  3.5
Shields        | 3 |  3.1
Armour         | 3 |  3.2
Short Blades   | 2 |  2.6
Stealth        | 1 |  1.2
Dodging        | |  0.1

Action                   |  1- 3 |  4- 6 || total
-------------------------+-------+-------++-------
Melee: Rapier            |    84 |    69 ||   153
Evoke: Wand              |       |     2 ||     2
  Use: Potion            |     2 |     3 ||     5
 Stab: Invisible         |     1 |       ||     1
Armor: Scale mail        |    17 |       ||    17
       Leather armour    |     2 |    15 ||    17
Dodge: Dodged            |    29 |    30 ||    59
Block: Kite shield       |    40 |    28 ||    68
